Map: 디스코 블러드배스 - 래더

Players

Zest - Winner!

  • Race: Protoss Protoss
  • League: Master
  • Spawn Location: 9:00

Clem

  • Race: Terran Terran
  • League: Master
  • Spawn Location: 3:00

Event: HomeStory Cup XX

VOD

Have the link to the VOD?

Description

Time

  • Played on: Nov. 22, 2019, 7:20 a.m.
  • Length: 9:06

All games in this series

Show
View Real Time Build Order
Export as new Build Order

Zest Protoss - Winner!

Build Orders: 1 Gate Expand, Phoenix Opening 

Get SALT Encoding   

  12  0:00  Probe  
  13  0:12  Probe  
  14  0:17  Pylon  
  14  0:23  Probe  
  15  0:31  Probe  
  15  0:36  Gateway  
  15  0:40  Probe  
  16  0:46  Assimilator  
  17  0:51  Probe  
  18  1:03  Probe  
  19  1:15  Probe  
  20  1:22  Nexus  
  20  1:33  Probe  
  20  1:37  Cybernetics Core  
  21  1:45  Probe  
  22  1:47  Assimilator  
  22  1:51  Pylon  
  22  1:57  Probe  
  23  2:03  Adept  
  23  2:10  Probe  
  26  2:18  Stargate  
  26  2:22  Probe  
  27  2:25  Warp Gate  
  27  2:32  Adept  
  27  2:34  Probe  
  27  2:35  Probe  
  31  2:44  Probe  
  31  2:46  Probe  
  33  2:52  Probe  
  33  2:53  Phoenix  
  33  2:58  Probe  
  35  3:03  Probe  
  35  3:04  Adept  
  40  3:07  Pylon  
  40  3:10  Probe, Phoenix  
  41  3:15  Probe  
  44  3:22  Probe  
  45  3:28  Probe  
  45  3:29  Phoenix  
  45  3:32  Assimilator  
  46  3:34  Probe  
  46  3:40  Pylon, Probe  
  50  3:41  Adept  
  50  3:44  Shield Battery  
  52  3:49  Phoenix  
  54  3:58  Probe x2  
  54  4:02  Pylon  
  53  4:10  Probe  
  53  4:12  Probe  
  53  4:13  Phoenix  
  57  4:22  Probe  
  58  4:24  Probe  
  58  4:30  Phoenix  
  59  4:34  Probe  
  59  4:36  Nexus  
  59  4:38  Pylon  
  62  4:50  Twilight Council  
  62  4:52  Forge  
  62  4:56  Gateway  
  62  4:57  Gateway  
  62  5:11  Protoss Ground Weapons Level 1  
  62  5:13  Probe x2  
  64  5:16  Charge  
  64  5:25  Probe x2  
  62  5:37  Probe x2  
  62  5:45  Gateway  
  62  5:47  Gateway  
  62  5:49  Probe x2, Gateway  
  62  5:50  Sentry x2  
  62  5:51  Pylon  
  62  5:54  Probe  
  67  6:00  Gateway  
  67  6:01  Probe x2, Gateway  
  67  6:02  Gateway  
  69  6:06  Probe  
  69  6:07  Sentry  
  69  6:08  Pylon  
  72  6:13  Probe  
  72  6:14  Probe  
  72  6:16  Photon Cannon  
  72  6:18  Pylon, Probe  
  75  6:20  Photon Cannon  
  75  6:25  Probe  
  75  6:27  Pylon  
  75  6:28  Stalker  
  75  6:29  Stalker  
  80  6:33  Shield Battery  
  80  6:35  Pylon  
  80  6:40  Stalker x2  
  80  6:44  Assimilator  
  84  6:48  Assimilator  
  84  6:50  Pylon  
  84  6:51  Robotics Facility  
  84  6:54  Blink  
  84  7:01  Stalker x4  
  92  7:06  Shield Battery  
  92  7:10  Stalker x2, Photon Cannon  
  96  7:34  Zealot x4  
  96  7:35  Zealot x2  
  108  7:40  Pylon  
  108  7:41  Pylon  
  108  7:45  Observer  
  108  7:51  Photon Cannon  
  109  7:57  Photon Cannon  
  109  7:58  Zealot x3  
  109  8:00  Zealot x2  
  109  8:01  Zealot x3  
  109  8:05  Immortal  
  117  8:16  Zealot  
  119  8:22  Zealot x3  
  119  8:23  Zealot x3  
  111  8:39  Zealot x3  
  109  8:44  Zealot x5  
  105  8:49  Assimilator  
  105  8:50  Templar Archives  
  97  9:04  Zealot x5  
Show
View Real Time Build Order
Export as new Build Order

Clem Terran 

Build Orders: Gas First Reaper Expand 

Get SALT Encoding   

  12  0:00  SCV  
  13  0:13  SCV  
  14  0:17  Supply Depot  
  14  0:25  SCV  
  15  0:29  Refinery  
  15  0:38  SCV  
  16  0:43  Barracks  
  16  0:50  SCV  
  17  1:02  SCV  
  18  1:15  SCV  
  19  1:30  Orbital Command, Reaper  
  20  1:42  Command Center  
  20  1:53  Factory  
  20  1:56  SCV  
  21  2:07  Barracks Reactor  
  21  2:08  Supply Depot  
  21  2:10  SCV  
  22  2:16  Refinery  
  22  2:23  SCV  
  23  2:35  SCV  
  24  2:43  Starport  
  24  2:46  Hellion  
  24  2:47  Hellion, SCV  
  29  2:55  Orbital Command  
  29  2:56  Barracks Tech Lab  
  29  3:08  Hellion x2  
  29  3:11  SCV  
  34  3:16  Marine  
  35  3:20  SCV  
  35  3:22  Supply Depot  
  35  3:23  Medivac  
  38  3:28  SCV  
  38  3:30  Widow Mine  
  38  3:34  Widow Mine  
  43  3:40  SCV  
  43  3:41  SCV  
  45  3:47  Stimpack, Barracks  
  45  3:54  Barracks  
  44  3:56  SCV x2  
  44  4:00  Marine  
  47  4:07  Factory Tech Lab  
  47  4:08  SCV x2  
  45  4:16  Engineering Bay  
  41  4:18  Supply Depot  
  41  4:20  Marine, SCV x2  
  41  4:23  Bunker  
  44  4:30  Cyclone  
  47  4:34  Refinery, SCV  
  47  4:35  SCV  
  49  4:40  Marine  
  49  4:43  Terran Infantry Weapons Level 1  
  50  4:47  Marine x2  
  50  4:48  Marine  
  50  4:50  SCV x2  
  55  4:54  Supply Depot  
  55  4:58  Marine  
  56  5:04  Starport Reactor, SCV  
  56  5:05  Marine x3  
  54  5:09  SCV  
  52  5:16  Marine, SCV  
  52  5:19  Missile Turret  
  52  5:20  Missile Turret  
  50  5:23  Marine x3  
  52  5:28  SCV x2  
  52  5:34  Marine  
  52  5:40  Marine, SCV x2  
  52  5:41  Marine x2  
  54  5:51  Marine  
  54  5:52  SCV  
  54  5:53  Combat Shield  
  54  5:54  Barracks  
  54  5:55  Barracks  
  54  5:56  SCV  
  57  5:58  Marine x2  
  57  6:01  Factory Reactor  
  57  6:02  Medivac x2  
  63  6:09  Concussive Shells  
  63  6:10  Marauder x2  
  67  6:13  SCV  
  67  6:14  SCV  
  67  6:18  Supply Depot x2  
  69  6:20  Marine  
  69  6:21  Refinery  
  69  6:25  SCV  
  71  6:26  SCV  
  71  6:29  Marine  
  71  6:31  Marauder  
  75  6:34  Supply Depot  
  75  6:35  Marauder  
  75  6:37  SCV  
  75  6:39  Medivac  
  80  6:40  Marine  
  80  6:43  Barracks Tech Lab  
  80  6:44  Supply Depot  
  81  6:49  Marine, Barracks Reactor  
  81  6:51  Terran Infantry Armor Level 1  
  81  6:53  Supply Depot  
  82  6:58  SCV x2  
  82  7:00  Marine  
  81  7:02  Widow Mine x2  
  81  7:03  Marauder  
  91  7:08  Marauder x2  
  91  7:13  Supply Depot  
  91  7:20  Marine x2  
  93  7:24  Marauder  
  93  7:29  Marine  
  98  7:30  Marine, Marauder x2  
  98  7:34  Widow Mine x2  
  98  7:36  Supply Depot  
  102  7:39  Marine x2, Liberator x2  
  104  7:47  Marine x2  
  110  7:52  Marauder  
  110  7:53  Marauder  
  118  7:58  Widow Mine  
  118  8:00  Widow Mine  
  118  8:01  Marine  
  119  8:06  Marine  
  119  8:07  Marine  
  119  8:10  Marine  
  119  8:12  Marauder  
  117  8:13  Marauder  
  117  8:17  Supply Depot  
  117  8:19  Marauder  
  118  8:20  SCV  
  105  8:30  Marine x3  
  105  8:34  Marauder, SCV  
  110  8:35  SCV  
  110  8:40  Marine x2  
  110  8:41  Marauder  
  106  8:45  Widow Mine x2  
Tags
 
Add a new tag
Caveats
  • Supply blocks, unpowered buildings, or Contaminate may cause inaccurate times.
  • Supply counts are checked every 10 seconds.